 Dungeon Crawl Stone Soup version 0.31-a0-229-g1fc7ce93e2 (webtiles) character file.

Game seed: 4113651353365561412

59 qw the Shooter (level 4, -1/26 HPs)
             Began as a Gargoyle Hexslinger on July 6, 2023.
             Killed by divine providence
             ... invoked by an orc priest
              (14 damage)
             ... on level 2 of the Dungeon.
             The game lasted 00:00:31 (948 turns).

qw the Shooter (Gargoyle Hexslinger)                 Turns: 948, Time: 00:00:31

Health: -1/26      AC:  7    Str: 12    XL:     4   Next: 3%
Magic:  5/5        EV: 11    Int: 13    God:
Gold:   37         SH:  0    Dex: 14    Spells: 4/5 levels left

rFire   . . .        Y - +1 sling (freeze)
rCold   . . .        (no shield)
rNeg    + . .        h - +0 leather armour
rPois   inf          g - +0 helmet
rElec   +            (no cloak)
rCorr   .            (no gloves)
SInv    .            (no boots)
Will    .....        (no amulet)
Stlth   +            (no ring)
HPRegen 0.24/turn    (no ring)
MPRegen 0.09/turn

%: no passive effects
@: no status effects
A: sickness immunity, AC +3, negative energy resistance 1, electricity
resistance, torment resistance 1, petrification resistance
a: no special abilities


You were on level 2 of the Dungeon.
You visited 1 branch of the dungeon, and saw 2 of its levels.

You collected 37 gold pieces.


Innate Abilities, Weirdness & Mutations

You are immune to sickness and miasma.
Your stone body is resilient. (AC +3)
You are immune to poison.
You resist negative energy. (rN+)
You are resistant to electric shocks. (rElec)
You are resistant to unholy torment.
You are immune to petrification.


   Skills:
 - Level 2.0 Fighting
 + Level 3.8 Ranged Weapons
 - Level 1.5 Dodging
 - Level 1.0 Spellcasting
 - Level 2.6 Hexes


You had 4 spell levels left.
You knew the following spells:

 Your Spells              Type           Power      Damage    Failure   Level
a - Slow                  Hex            28%        N/A       12%         1

Your spell library contained the following spells:

 Spells                   Type           Power      Damage    Failure   Level
 Inner Flame              Hex/Fire       4%         N/A       52%         3
 Portal Projectile        Hex/Tloc       8%         N/A       52%         3
 Cause Fear               Hex            3%         N/A       75%         4

Inventory:

Hand Weapons
 Y - a +1 sling of freezing (weapon)
Armour
 g - a +0 helmet (worn)
 h - a +0 leather armour (worn)
Scrolls
 b - a scroll of torment {unknown}
Potions
 a - a potion of resistance {unknown}
 c - a potion of haste {unknown}
 f - a potion of degeneration {unknown}

Dungeon Overview and Level Annotations

Branches:
Dungeon (2/15)

Altars:


Message History

Enter note:
Enter note:
Enter note:
Enter note:
Enter note:
Enter note: You shoot a sling bullet.
The frilled lizard hisses angrily.
The sling bullet hits the orc.
The sling bullet freezes the orc.
You kill the orc!
You have reached level 4!
You feel stronger.
You shoot a sling bullet.
The sling bullet hits the orc but does no damage.
You shoot a sling bullet. The sling bullet hits the orc.
The sling bullet freezes the orc.
The orc is almost dead.
An orc comes into view. It is wielding a +0 club.
The orc priest invokes the aid of Beogh against you.
Beogh smites you! The orc hits you with a +0 club.
You shoot a sling bullet.
The sling bullet closely misses the orc.
The sling bullet hits the orc priest.
The sling bullet freezes the orc priest.
The orc priest is lightly wounded.
An orc priest comes into view. It is wielding a +0 club.
You shoot a sling bullet.
The sling bullet hits the orc but does no damage.
The orc closely misses you.
You shoot a sling bullet. The sling bullet hits the orc!
The sling bullet freezes the orc.
You kill the orc!
You shoot a sling bullet. The sling bullet barely misses the orc.
The sling bullet hits the orc priest.
The sling bullet freezes the orc priest.
The orc priest is heavily wounded.
The orc hits you with a +0 club.
The orc priest calls down the wrath of Beogh upon you.
Beogh smites you!
Ouch! That really hurt!
You die... %.#.#.#.# #.##...# ..#.#.#.# ## .##.##..## ........# #########< ........## ......### ........# .##....... .........# ....... ........## .#.....### ..$.. ###....... .#.....# ool

.......... .#.....# #o#
...#.#..## .......######
#@# ........# ..#.....
...# #.# # ##......#
#.####.##.# ........##
#.........# .#.#......
#..###.##.# .%........#
###.###.##.# ..# .......
...........##..#........
........................
.###..#...........#.....


You could see 2 orc priests, an orc and a frilled lizard.

Vanquished Creatures
  An adder (D:2)
  A dart slug (D:1)
  2 orcs (D:2)
  2 ball pythons
  5 endoplasms
  A giant cockroach (D:1)
  7 goblins
  5 hobgoblins
  2 kobolds (D:2)
  3 quokkas (D:1)
  2 bats
  4 frilled lizards (D:1)
  8 rats
43 creatures vanquished.

Notes
Turn   | Place    | Note
-------+----------+-------------------------------------------
     0 | D:1      | qw the Gargoyle Hexslinger began the quest for the Orb.
     0 | D:1      | Reached XP level 1. HP: 12/12 MP: 2/2
     0 | D:1      | 0 ||| qw: Version: 0.3-a-46-gb1f654a
     0 | D:1      | 0 ||| qw: Game counter: 1488
     0 | D:1      | 0 ||| qw: Melee chars always use a shield: true
     0 | D:1      | 0 ||| qw: God list: Okawaru
     0 | D:1      | 0 ||| qw: Allow faded altars: false
     0 | D:1      | 0 ||| qw: Do Orc after clearing Dungeon:15 true
     0 | D:1      | 0 ||| qw: Do second Lair branch before Depths: true
     0 | D:1      | 0 ||| qw: Lair rune preference: random
     0 | D:1      | 0 ||| qw: Goals: Normal
     0 | D:1      | 0 ||| PLANNING D:1-11
   187 | D:1      | Reached XP level 2. HP: 16/16 MP: 3/3
   243 | D:1      | Reached skill level 3 in Ranged Weapons
   268 | D:1      | Found a faded altar of an unknown god.
   386 | D:1      | Reached XP level 3. HP: 21/21 MP: 4/4
   664 | D:1      | 664 ||| UPGRADING to +0 helmet.
   669 | D:1      | 669 ||| UPGRADING to +0 leather armour.
   679 | D:1      | 679 ||| DROPPING +0 robe.
   680 | D:1      | 680 ||| DROPPING +6 ring of intelligence.
   681 | D:1      | 681 ||| READING scroll labelled HITONN ISHAMI.
   682 | D:1      | 682 ||| DROPPING scroll of poison.
   943 | D:2      | Reached XP level 4. HP: 26/26 MP: 5/5
   948 | D:2      | Killed from afar by an orc priest

Levels and vault maps discovered:
D:1:      kennysheep_arrival_seaside, layout_basic, basic_ecumenical_altar,
          minmay_misc_feat_four_crosses, kennysheep_another_room, st_stairs_7
D:2:      layout_basic, st_stairs_1, uniq_terence

Skill      XL: |  1  2 |
---------------+-------+-----
Ranged Weapons | 3 |  3.8
Fighting       | 2 |  2.0
Dodging        | |  1.5
Spellcasting   | |  1.0
Hexes          | |  2.6

Action                     |  1- 3 |  4- 6 || total
---------------------------+-------+-------++-------
   Fire: Sling             |   131 |     6 ||   137
    Use: Scroll            |     1 |       ||     1
 Armour: Robe              |    20 |       ||    20
         Leather armour    |     3 |       ||     3
  Dodge: Dodged            |    43 |     1 ||    44

Table legend:
 A = Non-vault XP
 B = Vault XP
 C = Vault XP percentage of total XP
 D = Non-vault monster count
 E = Vault monster count
 F = Vault count percentage of total count
                 A         B        C        D         E       F
            +---------+---------+-------+---------+---------+-------
      Total |      81 |       4 |   4.7 |      40 |       3 |   7.0
            +---------+---------+-------+---------+---------+-------
        D:1 |      47 |       1 |   2.1 |      27 |       1 |   3.6
        D:2 |      34 |       3 |   8.1 |      13 |       2 |  13.3
            +---------+---------+-------+---------+---------+-------
